FIQ, neutral male gnomish Wizard --------------- |.........^^^<| |(.------------ --.....|>....| |I.`..|..`..| |.....|.`.`.| |--.-------.-- |....|..|....| |....|....`..| |............| |....--------- ------ FIQ the Conjurer Experience level: 4 Strength: 9 Dexterity: 10 Constitution: 13 Intelligence: 17 Wisdom: 19 Charisma: 7 Health: 1(32) Energy: 60(60) Def: 1 Gold: 173 Moves: 694 Dungeon seed: Kyy11gVGX53ohJWB Game ID: FIQ_1492065471 Your Inventory: Coins $ - 173 gold pieces Weapons a - a blessed +1 quarterstaff (weapon in hands) f - an uncursed +2 aklys (alternate weapon; not wielded) Armor e - an uncursed +0 cloak of magic resistance (being worn) Comestibles j - 3 uncursed tripe rations o - an uncursed food ration p - an uncursed pear Scrolls g - an uncursed scroll of blank paper l - a cursed scroll of earth m - an uncursed scroll of earth Spellbooks b - a blessed spellbook of force bolt c - an uncursed spellbook of create monster k - a blessed spellbook of slow monster Potions s - an uncursed potion of levitation t - a cursed potion of sleeping Wands d - an uncursed wand of nothing (0:5) n - an uncursed wand of lightning (0:3) Spells and supernatural/magical abilities: Name Level Category Fail Memory a - force bolt 1 attack 0% 97% s - slow monster 1 enchantment 0% 98% O - create monster 2 clerical 38% 97% W - pray for help -- divine ? -- Your skills at the end: Miscellaneous Skills wands [Basic] Weapon Skills quarterstaff [Basic] crossbow [Basic] Spellcasting Skills attack spells [Basic] enchantment spells [Basic] Final Attributes: You were devoutly aligned. You were magic-protected. You were blinded. Your writing hand was ok. You had infravision. You were very stealthy. You were lucky. You survived. Vanquished creatures: an iguana 2 jitterbugs a hobbit 2 hobgoblins a giant rat 2 brown molds a green mold a gnome zombie a kobold a newt a grid bug a lichen 15 creatures vanquished. Voluntary challenges: You did not adorn yourself with jewelry or accessories. You did not cause conflict. You did not have reflection. You were not displaced. You were an atheist. You used a wielded weapon 8 times, starting on turn 33. You did not use tools. You did not use plumbed fixtures. You read items or engraved 2 times, starting on turn 267. You never genocided any monsters. You never polymorphed an object. You never changed form. You used no wishes. You never split a pudding. You never wrote Elbereth's name. You never violated your personal moral code. Dungeon overview: The Dungeons of Doom: levels 1 to 6 Level 1 an altar to Ptah a long staircase Level 2 Level 3 a fountain Level 4 Level 5 many fountains Level 6 stairs to Sokoban Sokoban: Level 5 <- You were here a magic chest stairs to The Dungeons of Doom History has recorded: On T:1 you entered the Dungeons of Doom to retrieve the Amulet of Yendor! On T:23 you reached level 2 of The Dungeons of Doom. On T:82 you reached level 3 of The Dungeons of Doom. On T:118 you reached level 4 of The Dungeons of Doom. On T:160 you reached level 5 of The Dungeons of Doom. On T:211 you advanced to experience level 2. On T:219 you advanced to experience level 3. On T:320 you reached level 6 of The Dungeons of Doom. On T:340 you advanced to experience level 4. On T:367 you reached level 4 of Sokoban. Score breakdown: Gold: 173 ( 17 points) Experience: 4 levels ( 300 points) Exploration: 6 levels ( 150 points) Discoveries: 7 items ( 350 points) Variety of kills: 12 monsters ( 600 points) Major goal: (nothing yet) ( 0 points) Survival: quit (score multiplied by 3) Total score: 4251 Latest messages: With great effort you move the boulder. t - a purple-red potion. With great effort you move the boulder. The boulder fills a pit. You displace your garter snake. With great effort you move the boulder. You hear a monster behind the boulder. Perhaps that's why you cannot move it. You hear a monster behind the boulder. Perhaps that's why you cannot move it. You hear a monster behind the boulder. Perhaps that's why you cannot move it. With great effort you move the boulder. The black naga hatchling bites! (2x) With great effort you move the boulder. The black naga hatchling bites! The garter snake misses the black naga hatchling. The bolt of lightning hits the black naga hatchling! The bolt of lightning bounces! The bolt of lightning misses the black naga hatchling. The bolt of lightning hits you! Your jade ring turns to dust and vanishes! Wizard, your life force is running out. You are blinded by the flash! Something bites! Final status: Goodbye FIQ the Wizard, committed trickery... You were tricked in Sokoban on dungeon level 5 with 4251 points, and 173 pieces of gold, after 694 moves. You were level 4 with a maximum of 32 hit points when you were tricked.